 Dungeon Crawl Stone Soup version 0.32-a0-468-g38b2580584 (webtiles) character file.

Game seed: 18437112603458508626

53 nikkithebee the Changeling (level 3, 0/42 HPs)
             Began as a Draconian Shapeshifter on Feb 25, 2024.
             Slain by a goblin
             ... wielding a +0 club
             ... led by Robin
              (5 damage)
             ... on level 3 of the Dungeon.
             The game lasted 00:32:28 (2398 turns).

nikkithebee the Changeling (Draconian Shapeshifter) Turns: 2398, Time: 00:32:29

Health: 0/42       AC: 21    Str: 16    XL:     3   Next: 62%
Magic:  3/3        EV: -1    Int: 10    God:
Gold:   93         SH:  0    Dex: 12    Spells: 2/2 levels left

rFire   . . .        E - +10 dagger of Superiority {heavy, rElec rPois rCorr Stlth+}
rCold   . . .        (no shield)
rNeg    . . .        (body armour unavailable)
rPois   +            (helmet currently unavailable)
rElec   +            (cloak currently unavailable)
rCorr   +            (gloves currently unavailable)
SInv    .            (boots currently unavailable)
Will    .....        (no amulet)
Stlth   ++           (no ring)
HPRegen 0.27/turn    (no ring)
MPRegen 0.08/turn

%: no passive effects
@: tree-form, constricted
A: stationary, stasis, torment immunity, boosted hp, AC +5, unfitting armour,
(cold-blooded)
a: no special abilities


You were on level 3 of the Dungeon.
You were a tree.
You visited 1 branch of the dungeon, and saw 3 of its levels.

You collected 93 gold pieces.

Inventory:

Hand Weapons
 h - a +0 club
 l - a +0 spear
 m - a +0 club
 n - a +0 club
 o - a +0 dagger
 p - a +0 dagger
 q - a +0 dagger
 s - a +0 hand axe
 t - a +0 dagger
 u - a +0 spear
 v - a +0 club
 A - a +0 whip
 B - a +0 dagger
 C - a +0 dagger
 E - the +10 dagger of Superiority (weapon) {heavy, rElec rPois rCorr Stlth+}
   (You took it off a kobold on level 2 of the Dungeon)

   rElec:     It insulates you from electricity.
   rPois:     It protects you from poison rCorr: It protects you from acid and
   corrosion.
   Stlth+:    It makes you more stealthy.
 G - a +0 sling
 I - a +0 mace
 K - a +0 dagger
Missiles
 e - 43 stones (quivered)
 z - 5 poisoned darts
Armour
 y - the +0 leather armour "Ymooggar" {+Blink MP+9}
   (You found it on level 2 of the Dungeon)

   MP+9:      It affects your magic capacity (+9).
   +Blink:    It lets you blink.
 F - a +0 scale mail
 J - a +0 chain mail
Talismans
 b - a beast talisman (active)
 c - a flux talisman
 f - a blade talisman
Scrolls
 d - a scroll of enchant armour
 g - 3 scrolls of identify
 i - a scroll of revelation {unknown}
 j - 2 scrolls of teleportation {unknown}
 x - a scroll of blinking {unknown}
 L - a scroll of noise {unknown}
Potions
 k - a potion of cancellation {unknown}
 r - a potion of mutation {unknown}
 w - a potion of might {unknown}
 D - a potion of magic {unknown}
 H - a potion of attraction {unknown}


   Skills:
 + Level 1.3 Fighting
 + Level 0.1 Short Blades
 + Level 1.2 Maces & Flails
 + Level 2.0 Dodging
 + Level 0.3 Stealth
 + Level 3.1 Unarmed Combat
 + Level 3.7 Shapeshifting


You had 2 spell levels left.
You didn't know any spells.
Your spell library was empty.

Dungeon Overview and Level Annotations

Branches:
Dungeon (3/15)

Altars:
Fedhas
Kikubaaqudgha
Qazlal
Sif Muna
Yredelemnul

Shops:
D:2 :

Annotations:
D:3 Robin


Innate Abilities, Weirdness & Mutations

You are a tree.
Your roots penetrate the ground, keeping you stationary.
You cannot be teleported.
You are immune to unholy pain and torment.
Your maximum health is greatly increased.
Your equipment is partially melded.
((Your plain brown scales are hard. (AC +5)))
You cannot fit into any form of body armour.
((You are cold-blooded and may be slowed by cold attacks.))


Message History

Robin roars a battlecry!
The goblins go into a battle-frenzy!
The goblin hits you but does no damage. The goblin hits you with a +0 club.
* * * LOW HITPOINT WARNING * * *
The goblin hits you but does no damage. x2
The ball python bites you but does no damage.
The ball python constricts you.
You are too injured to fight recklessly!
You puncture the goblin!
You kill the goblin!
The goblin no longer looks unusually strong. x2
Robin throws the goblin at you!
The goblin hits you but does no damage. x3
The ball python bites you but does no damage.
The ball python constricts you. The goblin hits you but does no damage.
Robin throws the goblin at you!
The goblin hits you but does no damage. x5
You puncture the goblin!
You kill the goblin!
The hobgoblin no longer looks unusually strong.
The goblin no longer looks unusually strong.
The ball python bites you but does no damage.
The ball python constricts you. The goblin hits you but does no damage.
Robin roars a battlecry!
The goblins go into a battle-frenzy!
The goblin hits you but does no damage.
The ball python bites you but does no damage.
The ball python constricts you. The goblin hits you but does no damage.
The goblin hits you with a +0 club.
* * * LOW HITPOINT WARNING * * *
The goblin hits you but does no damage. x2
You closely miss the goblin.
The ball python bites you but does no damage.
The ball python constricts you. The goblin hits you with a +0 club.
* * * LOW HITPOINT WARNING * * *
The hobgoblin hits you but does no damage.
The goblin hits you but does no damage. x4
The ball python bites you but does no damage.
The ball python constricts you.
The hobgoblin hits you but does no damage.
The goblin hits you but does no damage. The goblin hits you with a +0 club.
You die...

..#.................
#...................#
.. #......._..._...#
#.###...............
...<......_..♣......
##.##...............
#.#gg........._.†..
#ggSgg......_......
#g♣g#.............#
#g#g##.....#......#
...#S##########..#..
##..#r. #...###.
....... ...#.###.
.(....... .#...#...
#..###..... ..#.....
..# ######. ....#...
.#. ####


You could see Robin, an adder, a quokka, a hobgoblin (strong), 8 goblins and a
ball python.

Vanquished Creatures
  A dart slug (D:1)
  An orc (D:3)
  4 ball pythons
  4 endoplasms
  2 giant cockroaches
  8 goblins
  3 hobgoblins (D:2)
  4 jackals (D:1)
  A quokka (D:1)
  4 bats
  3 frilled lizards
  4 kobolds
  6 rats
45 creatures vanquished.

Notes
Turn   | Place    | Note
-------+----------+-------------------------------------------
     0 | D:1      | nikkithebee the Draconian Shapeshifter began the quest for
                  | the Orb.
     0 | D:1      | Reached XP level 1. HP: 16/16 MP: 1/1
    82 | D:1      | Found a faded altar of an unknown god.
   310 | D:1      | Reached XP level 2. HP: 22/23 MP: 2/2
  1070 | D:1      | Reached XP level 3. HP: 28/28 MP: 3/3
  1268 | D:2      | Found Jipseabesu's Book Emporium.
  1940 | D:2      | Identified the +0 leather armour "Ymooggar" {+Blink MP+9}
  2087 | D:2      | Identified the +10 dagger of Superiority {heavy, rElec
                  | rPois rCorr Stlth+}
  2101 | D:2      | Reached skill level 1 in Maces & Flails
  2314 | D:3      | Found a stormy altar of Qazlal.
  2317 | D:3      | Found a shimmering blue altar of Sif Muna.
  2321 | D:3      | Found a blossoming altar of Fedhas.
  2351 | D:3      | Found a basalt altar of Yredelemnul.
  2352 | D:3      | Found an ancient bone altar of Kikubaaqudgha.
  2379 | D:3      | Noticed Robin
  2398 | D:3      | Slain by a goblin

Illustrated notes

Levels and vault maps discovered:
D:1:      lightli_molten_gateway, layout_loops_ring,
          hellmonk_ecumenical_altar_slurped_away, serial_forest,
          infiniplex_forest_lined_2, infiniplex_forest_clump_small,
          infiniplex_forest_clump_tiny, infiniplex_forest_clump_tiny,
          infiniplex_forest_straight_1
D:2:      layout_basic, serial_shops, nicolae_shop_back_alley_shop
D:3:      layout_rooms, lemuel_coloured_pillars_altar,
          grunt_temple_overflow_open, grunt_decor_junction,
          chequers_serial_rivers_small_b, uniq_terence, uniq_robin

Skill      XL: |  1  2  3 |
---------------+----------+-----
Dodging        | 2 |  2.0
Maces & Flails | 1 |  1.2
Fighting       | |  1.3
Short Blades   | |  0.1
Stealth        | |  0.3
Unarmed Combat | |  3.1
Shapeshifting  | |  3.7

Action                     || total
---------------------------++-------
  Melee: Unarmed           ||     8
         Club              ||   260
         Tailslap          ||    50
         Dagger            ||    13
  Throw: Stone             ||     9
    Use: Scroll            ||     1
         Potion            ||     1
   Stab: Sleeping          ||     2
 Armour: Skin              ||   119
  Dodge: Dodged            ||   117
   Form: Beast             ||     3
                           ||     2
         Blade             ||     1
         Flux              ||     1

Table legend: (Time is in decaauts)
 A = Elapsed time spent in this place.
 B = Non-inter-level travel time spent in this place.
 C = Inter-level travel time spent in this place.
 D = Time resting spent in this place.
 E = Time spent auto-exploring this place.
 F = Levels seen in this place.
 G = Mean time per level.
                   A        B        C        D        E       F      G
               +--------+--------+--------+--------+--------+-----+--------+
         Total |   2482 |   2469 |     13 |      0 |      0 |   3 |  827.3 |
       Dungeon |   2482 |   2469 |     13 |      0 |      0 |   3 |  827.3 |
               +--------+--------+--------+--------+--------+-----+--------+

Top non-repeatable levels by time:
     D:1: 1211 daAuts
     D:2: 1182 daAuts
     D:3: 88 daAuts
